 Dungeon Crawl Stone Soup version 0.20-a0-754-g13ddd6e (webtiles) character file.

1221 xiby the Poker (level 8, 0/96 HPs)
             Began as a Demonspawn Wanderer on Feb 27, 2017.
             Was a Believer of Okawaru.
             Succumbed to a water moccasin's poison
             ... on level 5 of the Dungeon.
             The game lasted 00:13:22 (5442 turns).

xiby the Poker (Demonspawn Wanderer)                Turns: 5442, Time: 00:13:22

Health: 0/96       AC:  8    Str: 16    XL:     8   Next: 23%
Magic:  8/8        EV: 11    Int: 17    God:    Okawaru [**....]
Gold:   137        SH:  0    Dex: 13    Spells: 7/7 levels left

rFire    . . .     SeeInvis .   a - +2 dagger (venom)
rCold    + . .     Gourm    .   q - +0 scale mail
rNeg     + . .     Faith    .   (no shield)
rPois    .         Spirit   .   (no helmet)
rElec    .         Reflect  .   (no cloak)
rCorr    .         Harm     .   (no gloves)
MR       .....                  (no boots)
Stlth    ..........             (no amulet)
Regen    0.3/turn               o - ring of positive energy
MPRegen  0.2/turn               i - +2 ring of evasion

@: berserking (expiring), lethally poisoned (0 -> -12), very quick
A: talons 1, iridescent scales 1, cold resistance 1, powered by death 1
a: Heroism, Renounce Religion


You were on level 5 of the Dungeon.
You worshipped Okawaru.
Okawaru was pleased with you.
You were not hungry.

You visited 1 branch of the dungeon, and saw 5 of its levels.

You collected 137 gold pieces.

Inventory:

Hand Weapons
 a - a +2 dagger of venom (weapon)
 b - a +2 blowgun
 f - a +0 dagger
 u - a +0 scythe
 w - a +0 dagger of flaming
Missiles
 s - a curare-tipped needle
Armour
 e - a +0 robe
 q - a +0 scale mail (worn)
Jewellery
 i - a +2 ring of evasion (left hand)
 o - a ring of positive energy (right hand)
 p - an uncursed amulet of harm
Wands
 t - a wand of random effects (21/48)
Scrolls
 c - 3 scrolls of remove curse {unknown}
 h - a scroll of recharging {unknown}
 j - 2 scrolls of fog
 l - a scroll of amnesia {unknown}
 m - 3 scrolls of fear {unknown}
 n - 3 scrolls of identify
 v - 2 scrolls of teleportation
Potions
 d - a potion of might
Comestibles
 g - 4 bread rations
 k - a royal jelly
 r - 2 fruits


   Skills:
 - Level 6.2 Fighting
   Level 1.0 Long Blades
 + Level 7.1 Polearms
 - Level 1.7 Throwing
 - Level 1.0 Dodging
 - Level 1.7 Stealth
 - Level 1.7 Unarmed Combat


You had 7 spell levels left.
You didn't know any spells.

Dungeon Overview and Level Annotations

Branches:
Dungeon (5/15)
 Temple: D:4-7

Altars:
Hepliaklqana
Kikubaaqudgha
Makhleb
Okawaru
Ru
Trog
Xom
Zin

Annotations:
D:3 Gorglomux's ghost, amateur GrEE


Innate Abilities, Weirdness & Mutations

You have sharp toenails.
You are partially covered in iridescent scales. (AC +2)
Your flesh is cold resistant. (rC+)
You regenerate a little health from kills.


Message History

You kill the water moccasin!
Okawaru accepts your kill.
Your Polearms skill increases to level 7!
You start resting.
You feel very sick.
You feel sick.
* * * LOW HITPOINT WARNING * * *
You feel sick.
It was a potion of berserk rage.
A red film seems to cover your vision as you go berserk!
You feel yourself moving faster!
You feel mighty!
* * * LOW HITPOINT WARNING * * *
You feel sick.
You feel a strong urge to attack something.
* * * LOW HITPOINT WARNING * * *
You feel sick.
* * * LOW HITPOINT WARNING * * *
You feel sick.
You feel your anger subside.
You die...

....(.)......##)[.....#
..(.#.######.#.....(..#
#...#.# #........#
....#.# #........#
#...#.# #.#.##.#####.#
#####.# #.............
# ..# #.#.##.######. #
..# #.......# #
#.#@##### #.# ##
#..†..# ..# . #.....#
### .#####.....# ..
...............# #
......#.######.# #
#.#####.#
#########.##....#
#......##).#....#


There were no monsters in sight!

Vanquished Creatures
  Sigmund (D:3)
  A water moccasin (D:5)
  An ogre (D:4)
  A centaur (D:5)
  Blork the orc (D:5)
  A howler monkey (D:4)
  4 orc priests
  5 orc wizards
  An iguana (D:5)
  Natasha (thrice) (D:4)
  4 worker ants
  7 adders
  3 gnolls (D:5)
  A worm (D:2)
  2 dart slugs
  2 leopard geckos
  24 orcs
  4 ball pythons
  7 bats
  8 giant cockroaches
  6 hobgoblins
  4 jackals (D:1)
  2 quokkas (D:4)
  7 frilled lizards
  8 goblins
  A jackal skeleton (D:5)
  7 kobolds
  10 rats
126 creatures vanquished.

Notes
Turn   | Place    | Note
-------+----------+-------------------------------------------
     0 | D:1      | xiby the Demonspawn Wanderer began the quest for the Orb.
     0 | D:1      | xiby set off with: a curare-tipped needle, a +2 blowgun, a scroll of teleportation, a potion of curing, a +0 robe, a +0 dagger, a bread ration
     0 | D:1      | Reached XP level 1. HP: 16/16 MP: 1/1
   685 | D:1      | Gained mutation: You regenerate a little health from kills. [demonic ancestry]
   685 | D:1      | Reached XP level 2. HP: 22/23 MP: 2/2
  1566 | D:2      | Reached XP level 3. HP: 29/29 MP: 3/3
  2177 | D:2      | Found a hazy altar of Hepliaklqana.
  2178 | D:2      | Found a shimmering altar of Xom.
  2178 | D:2      | Noticed a hell beast
  2179 | D:2      | Noticed a spectral ugly thing
  2179 | D:2      | Noticed a hell beast
  2624 | D:3      | Noticed Sigmund
  2624 | D:3      | Noticed Gorglomux's ghost (amateur GrEE)
  2749 | D:2      | Gained mutation: You are partially covered in iridescent scales. (AC +2) [demonic ancestry]
  2749 | D:2      | Reached XP level 4. HP: 36/38 MP: 4/4
  3152 | D:3      | Killed Sigmund
  3152 | D:3      | Reached XP level 5. HP: 29/46 MP: 5/5
  3247 | D:3      | Found a bloodstained altar of Trog.
  3249 | D:3      | Found an ancient bone altar of Kikubaaqudgha.
  3367 | D:2      | Gained mutation: You have sharp toenails. [demonic ancestry]
  3367 | D:2      | Reached XP level 6. HP: 52/52 MP: 6/6
  3427 | D:3      | Found a glowing silver altar of Zin.
  3427 | D:3      | Found a burning altar of Makhleb.
  3428 | D:3      | Noticed a blizzard demon
  3428 | D:3      | Noticed an angel
  3494 | D:4      | Found a sacrificial altar of Ru.
  3512 | D:4      | Reached skill level 1 in Polearms
  3525 | D:4      | Found an iron altar of Okawaru.
  3534 | D:4      | Became a worshipper of Warmaster Okawaru
  3544 | D:4      | Reached skill level 2 in Polearms
  3743 | D:4      | Noticed Natasha
  3753 | D:4      | Killed Natasha
  3753 | D:4      | Reached skill level 3 in Polearms
  3988 | D:4      | Reached * piety under Okawaru
  3988 | D:4      | Gained mutation: Your flesh is cold resistant. (rC+) [demonic ancestry]
  3988 | D:4      | Reached XP level 7. HP: 58/58 MP: 7/7
  4003 | D:4      | Reached skill level 4 in Polearms
  4399 | D:4      | Noticed Natasha
  4413 | D:4      | Killed Natasha
  4439 | D:4      | Noticed Natasha
  4443 | D:4      | Killed Natasha
  4535 | D:5      | Entered Level 5 of the Dungeon
  4609 | D:5      | Reached skill level 5 in Polearms
  5110 | D:5      | Noticed Blork the orc
  5123 | D:5      | Killed Blork the orc
  5123 | D:5      | Reached skill level 6 in Polearms
  5181 | D:5      | Reached ** piety under Okawaru
  5181 | D:5      | Reached XP level 8. HP: 31/64 MP: 8/8
  5435 | D:5      | Reached skill level 7 in Polearms
  5438 | D:5      | HP: 3/64 [poisoned by a water moccasin]
  5441 | D:5      | HP: 1/96 [poisoned by a water moccasin]
  5442 | D:5      | Succumbed to a water moccasin's poison

Vault maps used:
D:1:      dpeg_arrival_tiny_f
D:2:      regret_index_temple_of_mockery, first_bread
D:3:      grunt_temple_overflow_order_and_chaos_2,
          chequers_temple_overflow_statue_of_worship, minmay_gold_behind_fungi,
          bh_walls_and_bars, uniq_sigmund
D:4:      nicolae_ru_great_annihilating_truth, okawaru_trees_2, uniq_natasha
D:5:      grunt_gozag_statues, basic_altar, kennysheep_generic_room_15,
          uniq_blork_the_orc

Skill      XL: |  1  2  3  4  5  6  7  8 |
---------------+-------------------------+-----
Fighting       | 3 4 6 |  6.2
Polearms       | 3 6 7 |  7.1
Long Blades    | |  1.0
Throwing       | |  1.7
Dodging        | |  1.0
Stealth        | |  1.7
Unarmed Combat | |  1.7

Action                   |  1- 3 |  4- 6 |  7- 9 || total
-------------------------+-------+-------+-------++-------
Melee: Dagger            |   267 |   130 |   228 ||   625
       Punch             |       |     1 |     2 ||     3
       Kick              |       |    22 |    56 ||    78
 Fire: Blowgun           |     1 |     1 |       ||     2
  Use: Scroll            |     4 |     1 |       ||     5
       Potion            |     3 |       |     1 ||     4
 Stab: Sleeping          |     3 |       |       ||     3
       Paralysed         |       |     1 |       ||     1
  Eat: Chunk             |     4 |     6 |     5 ||    15
Armor: Robe              |    11 |       |       ||    11
       Scale mail        |   107 |    60 |    84 ||   251
Dodge: Dodged            |   159 |    58 |   101 ||   318
